 Dungeon Crawl Stone Soup version 0.32-a0-13-gbaedc5810e (webtiles) character file.

Game seed: 14802847940841576668

3978 Ivernyr the Blocker (level 10, -3/80 HPs)
             Began as a Formicid Fighter on Jan 15, 2024.
             Was a Follower of Wu Jian.
             Killed from afar by an electric eel (11 damage)
             ... with a bolt of electricity
             ... on level 6 of the Dungeon.
             The game lasted 00:16:35 (5653 turns).

Ivernyr the Blocker (Formicid Fighter)              Turns: 5653, Time: 00:16:35

Health: -3/80      AC: 12    Str: 33    XL:     10   Next: 46%
Magic:  10/10      EV: 10    Int:  9    God:    Wu Jian [*.....]
Gold:   465        SH:  6    Dex: 13    Spells: 9/9 levels left

rFire   . . .        a - +3 quarterstaff (chaos)
rCold   . . .        c - +0 buckler
rNeg    + . .        b - +0 scale mail
rPois   .            (helmet unavailable)
rElec   .            v - +2 cloak
rCorr   .            (no gloves)
SInv    +            e - +0 pair of boots
Will    +....        (no amulet) Stlth
                     g - +6 ring of strength
HPRegen 0.33/turn    r - ring of the Iron Devil {rN+ Str+3 Slay+6}
MPRegen 0.12/turn

%: no passive effects
@: no status effects
A: permanent stasis, dig shafts and tunnels, antennae 3, four strong arms
a: Dig, Shaft Self, Renounce Religion


You were on level 6 of the Dungeon.
You worshipped Wu Jian.
Wu Jian was aware of your devotion.
You visited 1 branch of the dungeon, and saw 9 of its levels.
You also visited: Ossuary.

You collected 465 gold pieces.

Inventory:

Hand Weapons
 a - a +3 quarterstaff of chaos (weapon)
Armour
 b - a +0 scale mail (worn)
 c - a +0 buckler (worn)
 e - a +0 pair of boots (worn)
 f - a scarf of repulsion
 v - a +2 cloak (worn)
Jewellery
 g - a +6 ring of strength (left hand)
 r - the ring of the Iron Devil (right hand) {rN+ Str+3 Slay+6}
   (You found it on level 2 of the Dungeon)

   [ring of positive energy]

   Str+3:     It affects your strength (+3).
   Slay+6:    It affects your accuracy & damage with ranged weapons and melee
   (+6).
   rN+:       It protects you from negative energy.
Wands
 y - a wand of paralysis (9)
 E - a wand of digging (4)
Scrolls
 k - a scroll of silence
 n - a scroll of vulnerability
 p - a scroll of enchant weapon
 u - a scroll of summoning
 w - 2 scrolls of fog
Potions
 d - a potion of might
 i - a potion of degeneration {unknown}
 j - 5 potions of curing
 l - a potion of magic {unknown}
 m - 4 potions of heal wounds {unknown}
 o - 2 potions of brilliance {unknown}
 q - 3 potions of haste {unknown}
 s - 2 potions of cancellation {unknown}
 x - a potion of attraction {unknown}
 z - 3 potions of mutation {unknown}
 A - a potion of ambrosia {unknown}
 B - 3 potions of enlightenment {unknown}
 C - 2 potions of invisibility {unknown}
 D - a potion of resistance {unknown}


   Skills:
 + Level 7.8 Fighting
 * Level 9.4 Staves
 + Level 7.8 Armour
 + Level 9.4 Shields


You had 9 spell levels left.
You didn't know any spells.
Your spell library contained the following spells:

 Spells                   Type           Power      Damage    Failure   Level
 Apportation              Tloc           0%         N/A       63%         1
 Magic Dart               Conj           0%         1d3       63%         1
 Necrotise                Necr           0%         1d4       63%         1
 Shock                    Conj/Air       0%         1d3       63%         1
 Sting                    Conj/Alch      0%         1d3       63%         1
 Summon Small Mammal      Summ           0%         N/A       63%         1
 Searing Ray              Conj           0%         2d4       77%         2
 Call Canine Familiar     Summ           0%         N/A       94%         3
 Airstrike                Air            0%         2d(0-16)  100%        4
 Cause Fear               Hex            0%         N/A       100%        4
 Fulminant Prism          Conj/Alch      0%         3d5       100%        4
 Summon Blazeheart Golem  Fire/Summ      0%         N/A       100%        4
 Fireball                 Conj/Fire      0%         3d3       100%        5
 Dragon's Call            Summ           0%         N/A       100%        9
 Swiftness                Air            Unusable   N/A       N/A         3

Dungeon Overview and Level Annotations

Branches:
Dungeon (9/15)            Ossuary (visited)
 Temple: D:4-7         Lair: D:8-11         Orc: D:9-12

Altars:
Elyvilon
Sif Muna
Wu Jian
Zin

Shops:
D:2 (   D:3 (


Innate Abilities, Weirdness & Mutations

You cannot be hasted, slowed, berserked, paralysed or teleported.
You can dig through walls and to a lower floor.
You have a pair of large antennae on your head. (SInv)
Your four strong arms can wield two-handed weapons with a shield.


Message History

You open the door.
There is an open door here.
There is a stone staircase leading down here.
An electric eel comes into view.
The electric eel shoots out a bolt of lightning at you!
The bolt of electricity hits you!
The electric eel shoots out a bolt of lightning at you!
The bolt of electricity hits you.
You start resting.
HP restored.
The electric eel shoots out a bolt of lightning at you!
The bolt of electricity hits you!
The electric eel shoots out a bolt of lightning at you!
The bolt of electricity hits you!
The electric eel shoots out a bolt of lightning at you!
The bolt of electricity hits you!
The electric eel shoots out a bolt of lightning at you!
The bolt of electricity hits you! The bolt of electricity hits you.
The bolt of electricity hits the electric eel.
The electric eel completely resists.
You closely miss the electric eel.
The electric eel shoots out a bolt of lightning at you!
The bolt of electricity misses you. The bolt of electricity hits you!
The bolt of electricity hits the electric eel.
The electric eel completely resists.
You hit the electric eel. You burn the electric eel.
The electric eel is heavily wounded.
The electric eel shoots out a bolt of lightning at you!
The bolt of electricity hits you!
* * * LOW HITPOINT WARNING * * *
The bolt of electricity hits you!
* * * LOW HITPOINT WARNING * * *
The bolt of electricity hits the electric eel.
The electric eel completely resists.
Okay, then.
You spin and attack the electric eel.
You barely miss the electric eel.
The electric eel is heavily wounded.
The electric eel shoots out a bolt of lightning at you!
The bolt of electricity hits you!
You die...

##.##.#########.##..............#
...##.#<#.......####.....########
##..#.#.#.##...## #.....#
......#...##...# #.....#
.###..#....+...# #.....#
.####.....##...#####.....#
.#....#....#...##........##.
###...............##........#
######.~.P.~PS@............
≈≈≈≈≈≈≈≈PP~≈P.~P...P~~.~~
≈≈≈≈≈≈≈≈≈≈≈≈≈PP~~~≈≈≈~P~≈
#≈≈≈~~~≈≈≈≈≈≈≈≈≈~~~≈≈≈≈≈≈
###P.~~~~~~~~~~.P≈~~≈≈≈≈≈
.P~..P..~~.~~~~~~~≈~≈~≈≈
..................~~~~≈
........'.......~~


You could see an electric eel.

Vanquished Creatures
  A two-headed ogre (D:8)
  Pikel (D:4)
  Maggie (D:6)
  4 yaks (D:6)
  2 water moccasins
  A black bear (D:4)
  An orc warrior (D:8)
  An ice beast (D:6)
  A sky beast (D:7)
  A phantom (D:3)
  A bullfrog (D:7)
  A kobold brigand (D:8)
  A gnoll sergeant (D:6)
  A scorpion (D:5)
  5 wights (D:6)
  A howler monkey (D:6)
  2 bombardier beetles (D:4)
  5 orc priests
  3 jellies
  Crazy Yiuf (D:5)
  2 hounds
  3 iguanas
  5 orc wizards
  A hound zombie (D:4)
  3 hound skeletons (D:4)
  8 mummies (Ossuary)
  2 adders
  3 gnolls (D:6)
  A white imp (D:6)
  3 adder zombies (D:4)
  3 dart slugs (D:1)
  2 ribbon worms (D:2)
  14 orcs
  4 ball pythons
  3 bats
  7 endoplasms
  4 giant cockroaches
  2 gnoll zombies (Ossuary)
  9 goblins
  5 hobgoblins
  2 jackals (D:3)
  3 quokkas
  4 hobgoblin zombies (Ossuary)
  14 kobolds
  A kobold zombie (Ossuary)
  An orc zombie (Ossuary)
144 creatures vanquished.

Notes
Turn   | Place    | Note
-------+----------+-------------------------------------------
     0 | D:1      | Ivernyr the Formicid Fighter began the quest for the Orb.
     0 | D:1      | Reached XP level 1. HP: 18/18 MP: 1/1
    39 | D:1      | Found a faded altar of an unknown god.
   167 | D:1      | Reached XP level 2. HP: 19/24 MP: 2/2
   305 | D:1      | Reached XP level 3. HP: 29/29 MP: 3/3
   968 | D:2      | Reached XP level 4. HP: 31/37 MP: 4/4
  1214 | D:2      | Found Peiduume's Antique Weapon Shop.
  1468 | D:2      | Identified the ring of the Iron Devil {rN+ Str+3 Slay+6}
  1921 | D:3      | Identified the +1 leather armour "Onauph" {Rampage}
  2032 | D:3      | Found Tirigg's Antique Weapon Emporium.
  2115 | D:3      | Noticed a phantom
  2124 | D:3      | Killed a phantom
  2125 | D:3      | Reached XP level 5. HP: 35/42 MP: 5/5
  2207 | D:3      | Reached skill level 5 in Shields
  2537 | D:4      | Noticed a black bear
  2548 | D:4      | Killed a black bear
  2549 | D:4      | Reached XP level 6. HP: 27/48 MP: 6/6
  2628 | D:4      | Found a sand-covered staircase.
  2634 | Ossuary  | Entered an ossuary
  2677 | Ossuary  | Reached XP level 7. HP: 55/55 MP: 7/7
  3111 | D:4      | Noticed Pikel
  3130 | D:4      | Killed Pikel
  3131 | D:4      | Reached skill level 5 in Fighting
  3131 | D:4      | Reached skill level 5 in Armour
  3131 | D:4      | Reached XP level 8. HP: 21/63 MP: 8/8
  3508 | D:4      | Identified the +0 robe of Goboc {rPois rF+}
  3702 | D:4      | Found an ornate altar of the Wu Jian Council.
  3706 | D:4      | Became a worshipper of the Wu Jian Council
  3711 | D:4      | Found a white marble altar of Elyvilon.
  3807 | D:5      | Entered Level 5 of the Dungeon
  4096 | D:5      | Found a runed translucent door.
  4097 | D:5      | Noticed Crazy Yiuf
  4152 | D:5      | Reached XP level 9. HP: 66/69 MP: 9/9
  4415 | D:5      | Killed Crazy Yiuf
  4470 | D:6      | Noticed Maggie
  4478 | D:6      | You fall into a shaft and drop 3 floors!
  4601 | D:8      | Found a shimmering blue altar of Sif Muna.
  4701 | D:8      | Reached * piety under Wu Jian
  4904 | D:8      | Noticed a two-headed ogre
  4914 | D:8      | Killed a two-headed ogre
  5078 | D:8      | Found a glowing silver altar of Zin.
  5245 | D:6      | Reached XP level 10. HP: 79/79 MP: 10/10
  5269 | D:6      | Killed Maggie
  5653 | D:6      | Killed from afar by an electric eel

Illustrated notes

Levels and vault maps discovered:
D:1:      dpeg_arrival_prison, layout_basic, hellmonk_ecumenical_altar_run_dry
D:2:      layout_basic, serial_shops, shop, grunt_decor_cap
D:3:      layout_loops_ring, serial_shops, nicolae_shop_stone
D:4:      layout_cave_pools, jmf_multi_god_temple2,
          mainiacjoe_ossuary_entry_find_the_door, minivault_27,
          hangedman_decor_clover_reticule, reono_crystal_passage, uniq_pikel
D:5:      layout_basic, solitary_fountain, uniq_crazy_yiuf_cottage
D:6:      layout_basic, kennysheep_mini_moat, minmay_misc_feat_doors,
          chequers_serial_rivers_room_b, chequers_big_river, uniq_maggie
D:7:      layout_loops_corners, mainiacjoe_overflow_tiny_flanked,
          old_standard_altar, minmay_temple_entry_enclosed_plants,
          gammafunk_ghost_smash
D:8:      layout_basic, amcnicky_altar_gilded, zin_statuary,
          mainiacjoe_overflow_small_starburst,
          mainiacjoe_overflow_cross_hatched, roderic_lattice_a
D:9:      layout_cave_pools, lemuel_crystal_altar,
          minmay_orc_entry_temple_small, serial_gnoll_camp, gnoll_camp_mini_hut,
          gnoll_camp_huts_moat, gnoll_camp_medium_01, gnoll_camp_mini_hut,
          gnoll_camp_medium_02, uniq_jeremiah

Skill      XL: |  1  2  3  4  5  6  7  8  9 10 |
---------------+-------------------------------+-----
Staves         | 3 4 6 8 9 |  9.4
Fighting       | 4 5 6 7 |  7.8
Armour         | 4 5 6 7 |  7.8
Shields        | 5 6 7 8 9 |  9.4

Action                     |  1- 3 |  4- 6 |  7- 9 | 10-12 || total
---------------------------+-------+-------+-------+-------++-------
  Melee: Quarterstaff      |    68 |    89 |   150 |    50 ||   357
Ability: Dig               |     2 |       |     2 |       ||     4
         Lunge             |       |       |    12 |     6 ||    18
         Shaft Self        |       |       |     1 |       ||     1
         Whirlwind         |       |       |       |    17 ||    17
    Use: Scroll            |       |     6 |     8 |       ||    14
         Potion            |       |       |     2 |       ||     2
   Stab: Petrifying        |       |       |       |     2 ||     2
 Armour: Scale mail        |    45 |    57 |    70 |    38 ||   210
  Dodge: Dodged            |    26 |    50 |    46 |    12 ||   134
         Repelled          |     1 |       |     1 |       ||     2
  Block: Buckler           |    11 |    22 |    34 |     3 ||    70

Table legend: (Time is in decaauts)
 A = Elapsed time spent in this place.
 B = Non-inter-level travel time spent in this place.
 C = Inter-level travel time spent in this place.
 D = Time resting spent in this place.
 E = Time spent auto-exploring this place.
 F = Levels seen in this place.
 G = Mean time per level.
                   A        B        C        D        E       F      G
               +--------+--------+--------+--------+--------+-----+--------+
         Total |   5674 |   5552 |    122 |    764 |   3642 |  10 |  567.4 |
       Dungeon |   5344 |   5222 |    122 |    679 |   3489 |   9 |  593.8 |
       Ossuary |    330 |    330 |      0 |     85 |    153 |   1 |  330.0 |
               +--------+--------+--------+--------+--------+-----+--------+

Top non-repeatable levels by time:
     D:2: 980 daAuts
     D:4: 967 daAuts
     D:1: 891 daAuts
     D:3: 665 daAuts
     D:8: 645 daAuts
     D:5: 635 daAuts
     D:6: 513 daAuts
 Ossuary: 330 daAuts
     D:7: 34 daAuts
     D:9: 10 daAuts
